 Dungeon Crawl Stone Soup version 0.24.0-2-g5b39cebb1c (webtiles) character file.

Game seed: 6268944097638756319, levelgen mode: deterministic

88 IceCat the Ruffian (level 4, -2/35 HPs)
             Began as a Draconian Transmuter on Oct 31, 2019.
             Slain by Sigmund
             ... wielding a +1 antimagic scythe
              (8 damage)
             ... on level 2 of the Dungeon.
             The game lasted 00:04:30 (1778 turns).

IceCat the Ruffian (Draconian Transmuter)           Turns: 1778, Time: 00:04:31

Health: -2/35      AC:  5    Str: 14    XL:     4   Next: 30%
Magic:  1/7        EV: 12    Int: 13    God:
Gold:   83         SH:  0    Dex: 11    Spells: 6/7 levels left

rFire    . . .     SeeInvis .     - Unarmed
rCold    . . .     Gourm    .   (no shield)
rNeg     . . .     Faith    .   (armour unavailable)
rPois    .         Spirit   .   (helmet restricted)
rElec    .         Reflect  .   (no cloak)
rCorr    .         Harm     .   (no gloves)
MR       .....                  (no boots)
Stlth    +.........             j - amulet of regeneration
HPRegen  0.51/turn              (no ring)
MPRegen  0.10/turn              (no ring)

@: flying
A: unfitting armour, cold-blooded, AC +5
a: no special abilities


You were on level 2 of the Dungeon.
You were not hungry.

You visited 1 branch of the dungeon, and saw 2 of its levels.

You collected 83 gold pieces.

Inventory:

Missiles
 a - 30 arrows
 e - 5 javelins (quivered)
Armour
 h - a +0 buckler
Jewellery
 j - an amulet of regeneration (around neck)
Scrolls
 b - 2 scrolls of identify {unknown}
 d - 2 scrolls of remove curse {unknown}
 k - a scroll of amnesia {unknown}
Potions
 g - a potion of mutation {unknown}
 i - a potion of agility {unknown}
Comestibles
 c - 3 rations
 l - 3 chunks of flesh


   Skills:
 + Level 1.6 Fighting
 + Level 2.3 Dodging
 * Level 3.8 Unarmed Combat
 + Level 2.2 Spellcasting
 * Level 3.0 Transmutations


You had 6 spell levels left.
You knew the following spells:

 Your Spells              Type           Power        Failure   Level  Hunger
a - Beastly Appendage     Tmut           #.....       7%          1    ##.....

Your spell library contained the following spells:

 Spells                   Type           Power        Failure   Level  Hunger
 Sticks to Snakes         Tmut           #.......     11%         2    ###....
 Spider Form              Tmut/Pois      #.........   38%         3    ####...
 Ice Form                 Ice/Tmut       #.......     80%         4    #####..
 Blade Hands              Tmut           #.........   89%         5    ######.


Dungeon Overview and Level Annotations

Branches:
Dungeon (2/15)

Altars:

Annotations:
D:2 Sigmund


Innate Abilities, Weirdness & Mutations

Your plain brown scales are hard. (AC +5)
You cannot fit into any form of body armour.
You are cold-blooded and may be slowed by cold attacks.


Message History

The magic dart hits you.
You're too confused to move!
Something hits you but does no damage.
You bump into the rock wall.
You hear some strange, mumbled words.
Something tries to affect you, but you resist.
You hear some strange, mumbled words.
A magic dart appears from out of thin air!
The magic dart hits you!
* * * LOW HITPOINT WARNING * * *
You bump into the rock wall.
You feel less confused.
Sigmund appears from thin air!
Reactivating autopickup.
Sigmund casts a spell.
Sigmund flickers and vanishes!
Deactivating autopickup; reactivate with Ctrl-A.
It was a potion of flight.
You feel very buoyant.
You fly up into the air.
Something hits you!
You die...

#......#....#
......#....#
...........#
..........#
##'#...%..#
#.#......#
#.#.....##
##.#.....#
#.@{....##
#######.# ..#
# ### # # # #
#


There were no monsters in sight!

Vanquished Creatures
  4 gnolls (D:2)
  2 dart slugs (D:1)
  3 leopard geckos
  2 ball pythons (D:1)
  3 giant cockroaches (D:1)
  5 goblins
  6 hobgoblins
  4 kobolds
  5 bats
  2 frilled lizards
  8 rats
44 creatures vanquished.

Notes
Turn   | Place    | Note
-------+----------+-------------------------------------------
     0 | D:1      | IceCat the Draconian Transmuter began the quest for the
                  | Orb.
     0 | D:1      | Reached XP level 1. HP: 16/16 MP: 3/3
   205 | D:1      | Reached XP level 2. HP: 16/23 MP: 5/5
   716 | D:1      | Reached XP level 3. HP: 26/28 MP: 4/6
  1508 | D:2      | Reached XP level 4. HP: 27/35 MP: 7/7
  1734 | D:2      | Noticed Sigmund
  1778 | D:2      | Slain by Sigmund

Levels and vault maps discovered:
D:1:      eino_arrival_water_cross, layout_loops_ring
D:2:      layout_basic, uniq_sigmund

Skill      XL: |  1  2  3  4 |
---------------+-------------+-----
Dodging        | 2 |  2.3
Transmutations | 3 |  3.0
Fighting       | |  1.6
Unarmed Combat | |  3.8
Spellcasting   | |  2.2

Action                   |  1- 3 |  4- 6 || total
-------------------------+-------+-------++-------
Melee: Unarmed           |   122 |    38 ||   160
       Kick              |     6 |       ||     6
       Tailslap          |     9 |     2 ||    11
       Headbutt          |     5 |     1 ||     6
       Punch             |     1 |       ||     1
 Cast: Beastly Appendage |    10 |     1 ||    11
  Use: Potion            |       |     1 ||     1
 Stab: Sleeping          |       |     1 ||     1
  Eat: Chunk             |     2 |     1 ||     3
Armor: Skin              |    34 |     8 ||    42
Dodge: Dodged            |    74 |    16 ||    90
